 Dungeon Crawl Stone Soup version 0.32-a0-876-gcfddb08e57 (webtiles) character file.

Game seed: 15175542736778402166

842 smashvw the Spear-Bearer (level 7, -2/61 HPs)
             Began as a Minotaur Monk on Mar 31, 2024.
             Slain by a shadow imp (3 damage)
             ... on level 6 of the Dungeon.
             The game lasted 00:10:11 (4459 turns).

smashvw the Spear-Bearer (Minotaur Monk)            Turns: 4459, Time: 00:10:11

Health: -2/61      AC:  2    Str: 18    XL:     7   Next: 67%
Magic:  6/6        EV: 11    Int:  7    God:
Gold:   258        SH:  0    Dex: 12    Spells: 6/6 levels left

rFire   + . .        a - +1 spear
rCold   . . .        d - orb {light}
rNeg    . . .        b - +0 robe
rPois   .            (helmet restricted)
rElec   .            (no cloak)
rCorr   .            (no gloves)
SInv    .            (no boots)
Will    .....        (no amulet)
Stlth   +            A - ring of protection from fire
HPRegen 0.30/turn    (no ring)
MPRegen 0.10/turn

%: no passive effects
@: hasted, glowing, very quick
A: horns 2, retaliatory headbutt
a: no special abilities


You were on level 6 of the Dungeon.
You visited 2 branches of the dungeon, and saw 7 of its levels.

You collected 258 gold pieces.

Inventory:

Hand Weapons
 a - a +1 spear (weapon)
 w - a +0 scythe
 z - a +0 spectral quarterstaff
Missiles
 m - 4 curare-tipped darts (quivered)
 r - 34 stones
Armour
 b - a +0 robe (worn)
 d - an orb of light (worn)
 o - a +1 robe of resistance
 v - a +0 scale mail
 B - the +0 ring mail of Quiet Fog {*Slow Int+5 Slay+2}
   (You found it on level 6 of the Dungeon)

   Int+5:     It affects your intelligence (+5).
   Slay+2:    It affects your accuracy & damage with ranged weapons and melee
   (+2).
   *Slow:     It may slow you when you take damage.
Jewellery
 A - a ring of protection from fire (left hand)
Wands
 x - a wand of flame (7)
Scrolls
 e - 2 scrolls of immolation {unknown}
 i - 2 scrolls of revelation {unknown}
 j - a scroll of enchant weapon
 k - 2 scrolls of poison {unknown}
 l - 2 scrolls of amnesia
 q - 4 scrolls of identify {unknown}
 t - 3 scrolls of teleportation {unknown}
 u - 6 scrolls of fog {unknown}
 y - a scroll of enchant armour {unknown}
Potions
 c - 2 potions of ambrosia
 f - 3 potions of haste
 g - 2 potions of heal wounds {unknown}
 h - a potion of invisibility {unknown}
 n - a potion of enlightenment {unknown}
 p - a potion of curing {unknown}
 s - a potion of magic {unknown}


   Skills:
 - Level 5.0 Fighting
 + Level 10.5 Polearms
 - Level 3.2 Dodging


You had 6 spell levels left.
You didn't know any spells.
Your spell library contained the following spells:

 Spells                   Type           Power      Damage    Failure   Level
 Foxfire                  Conj/Fire      0%         2x1d4     43%         1
 Freeze                   Ice            0%         1d3       43%         1
 Cigotuvi's Dreadful Rot  Necr/Alch/Air  0%         N/A       56%         2
 Frozen Ramparts          Ice            0%         1d1       80%         3
 Hailstorm                Conj/Ice       0%         3d5       80%         3
 Tukima's Dance           Hex            0%         N/A       80%         3
 Dispel Undead            Necr           0%         3d6       99%         4
 Martyr's Knell           Necr/Summ      0%         N/A       99%         4
 Passage of Golubria      Tloc           0%         N/A       99%         4
 Yara's Violent Unravell  Hex/Alch       0%         3d3       100%        5
 Plasma Beam              Fire/Air       0%         2x1d10    100%        6
 Starburst                Conj/Fire      0%         6d3       100%        6


Dungeon Overview and Level Annotations

Branches:
Dungeon (6/15)             Temple (1/1) D:5

Altars:
Cheibriados
Dithmenos
Elyvilon
Fedhas
Gozag
Hepliaklqana
Makhleb
Nemelex Xobeh
Okawaru
Qazlal
Sif Muna
Vehumet
Wu Jian
Xom
Yredelemnul
The Shining One


Innate Abilities, Weirdness & Mutations

You have a pair of horns on your head.
You reflexively headbutt those who attack you in melee.


Message History

The ice beast is moderately wounded.
You hit the ice beast but do no damage.
The ice beast is moderately wounded.
The shadow imp hits you.
The ice beast hits you but does no damage.
You hit the ice beast.
The ice beast is moderately wounded.
The ice beast barely misses you. The shadow imp closely misses you.
You hit the ice beast but do no damage.
The ice beast is moderately wounded.
You hit the ice beast.
The ice beast is heavily wounded.
The shadow imp hits you. The ice beast hits you. The ice beast freezes you!
You are too injured to fight recklessly!
You are too injured to fight recklessly!
You hit the shadow imp. Your headbutt misses the shadow imp.
The shadow imp is lightly wounded.
You hit the shadow imp.
The shadow imp is moderately wounded.
The shadow imp hits you but does no damage.
The ice beast hits you. The ice beast freezes you!
* * * LOW HITPOINT WARNING * * *
As you read the scroll labelled NEFYTY IWEPSY, it crumbles to dust.
It is a scroll of amnesia.
You feel forgetful for a moment. The shadow imp misses you.
The ice beast misses you.
As you read the scroll labelled NANNILLODEJY, it crumbles to dust.
It is a scroll of enchant weapon.
Your +0 spear glows red for a moment.
The ice beast hits you.
* * * LOW HITPOINT WARNING * * *
The ice beast freezes you.
* * * LOW HITPOINT WARNING * * *
The shadow imp hits you but does no damage.
It was a potion of haste.
You feel yourself speed up. The shadow imp hits you.
* * * LOW HITPOINT WARNING * * *
The ice beast misses you.
The shadow imp shouts, "Slither hence, thou villainous kobold-kissing mule!"
The shadow imp attacks as it pursues you!
The shadow imp hits you.
You die...

#..P♣PP...PPPP....
#..PPPP...PPPP....
##...............<.
##........ß.........
##.........[.........
#.....PPPP...PPPP....
##.....P..P...PP.P....
##......PP.P...P..P....
#.....@..PPP...PPP.....
#.......5.............
#
##...#..Y.............
##.##.............. ##
#..B.....#. .........#
............
...♣♣...♣...# ....
.P.P....#


You could see an ice beast, a bombardier beetle and a shadow imp.

Vanquished Creatures
  Sigmund (D:3)
  Menkaure (D:4)
  An ogre (D:4)
  A phantom (D:4)
  Ijyb (D:4)
  A hound (D:5)
  Jessica (D:3)
  An iguana (D:5)
  Terence (D:3)
  11 gnolls
  7 adders
  A white imp (D:5)
  3 dart slugs
  4 ribbon worms
  An orc (D:5)
  9 endoplasms
  4 giant cockroaches
  11 goblins
  8 hobgoblins
  6 kobolds
  7 quokkas
  7 ball pythons
  7 bats
  A frilled lizard (D:3)
  8 rats
104 creatures vanquished.

Notes
Turn   | Place    | Note
-------+----------+-------------------------------------------
     0 | D:1      | smashvw the Minotaur Monk began the quest for the Orb.
     0 | D:1      | Reached XP level 1. HP: 19/19 MP: 0/0
   136 | D:1      | Reached skill level 4 in Polearms
   140 | D:1      | Reached XP level 2. HP: 27/27 MP: 1/1
   414 | D:1      | Reached XP level 3. HP: 34/34 MP: 2/2
   825 | D:2      | Reached XP level 4. HP: 36/41 MP: 3/3
   888 | D:2      | Reached skill level 5 in Fighting
   888 | D:2      | Reached skill level 5 in Polearms
  1951 | D:3      | Noticed Jessica
  1954 | D:3      | Killed Jessica
  1955 | D:3      | Reached skill level 6 in Polearms
  1955 | D:3      | Reached XP level 5. HP: 48/48 MP: 4/4
  2128 | D:3      | Noticed Terence
  2133 | D:3      | Killed Terence
  2197 | D:3      | Reached skill level 7 in Polearms
  2490 | D:3      | Noticed Sigmund
  2498 | D:3      | Killed Sigmund
  2499 | D:3      | Reached skill level 8 in Polearms
  2499 | D:3      | Reached XP level 6. HP: 52/56 MP: 5/5
  2815 | D:4      | Noticed Menkaure
  2850 | D:4      | Killed Menkaure
  2851 | D:4      | Reached skill level 9 in Polearms
  2851 | D:4      | Reached XP level 7. HP: 55/61 MP: 6/6
  3103 | D:4      | Noticed Ijyb
  3146 | D:4      | Killed Ijyb
  3223 | D:4      | Found a glowing golden altar of the Shining One.
  3532 | D:4      | Found a blossoming altar of Fedhas.
  3664 | D:5      | Entered Level 5 of the Dungeon
  3664 | D:5      | Found a staircase to the Ecumenical Temple.
  3676 | Temple   | Entered the Ecumenical Temple
  3712 | D:5      | Found a hazy altar of Hepliaklqana.
  3793 | D:5      | Reached skill level 10 in Polearms
  4419 | D:6      | Identified the +0 ring mail of Quiet Fog {*Slow Int+5
                  | Slay+2}
  4457 | D:6      | HP: 2/61 [ice beast (5)]
  4459 | D:6      | Slain by a shadow imp

Illustrated notes

Levels and vault maps discovered:
D:1:      dpeg_arrival_refuge, layout_loops_ring, minmay_tromino_i2
D:2:      layout_basic, minmay_bisected
D:3:      layout_loops_cross, uniq_terence, uniq_jessica, uniq_sigmund
D:4:      layout_cave_pods, mainiacjoe_overflow_catwalk,
          mainiacjoe_overflow_surrounded_room, dk_noncrumbling_3, uniq_ijyb,
          uniq_menkaure
D:5:      layout_loops_cross, mainiacjoe_overflow_24_doors,
          minmay_temple_entry_glass
D:6:      layout_cave_pools, regret_index_kikubaaqudgha_part_by_part,
          serial_park, serial_park_tiny_pond, serial_park_tiny_2,
          serial_park_square3 [serial_park_minivault_5x5_5],
          serial_park_square2, nicolae_figureground_pulse
Temple:   oiseaux_autumnal_temple

Skill      XL: |  1  2  3  4  5  6  7 |
---------------+----------------------+-----
Fighting       | 4 5 |  5.0
Polearms       | 4 6 8 9 10 | 10.5
Dodging        | |  3.2

Action                     |  1- 3 |  4- 6 |  7- 9 || total
---------------------------+-------+-------+-------++-------
  Melee: Spear             |    83 |   118 |   110 ||   311
         Headbutt          |    11 |    20 |    19 ||    50
    Use: Scroll            |       |       |     2 ||     2
         Potion            |       |       |     1 ||     1
 Armour: Robe              |    19 |    31 |    13 ||    63
         Scale mail        |       |     4 |    31 ||    35
  Dodge: Dodged            |    23 |    45 |    24 ||    92

Table legend: (Time is in decaauts)
 A = Elapsed time spent in this place.
 B = Non-inter-level travel time spent in this place.
 C = Inter-level travel time spent in this place.
 D = Time resting spent in this place.
 E = Time spent auto-exploring this place.
 F = Levels seen in this place.
 G = Mean time per level.
                   A        B        C        D        E       F      G
               +--------+--------+--------+--------+--------+-----+--------+
         Total |   4380 |   4265 |    115 |    110 |   3456 |   7 |  625.7 |
       Dungeon |   4378 |   4263 |    115 |    110 |   3456 |   6 |  729.7 |
        Temple |      1 |      1 |      0 |      0 |      0 |   1 |    1.0 |
               +--------+--------+--------+--------+--------+-----+--------+

Top non-repeatable levels by time:
     D:2: 1096 daAuts
     D:4: 918 daAuts
     D:3: 853 daAuts
     D:1: 748 daAuts
     D:5: 677 daAuts
     D:6: 84 daAuts
  Temple: 1 daAuts
